 Dungeon Crawl Stone Soup version 0.29-a0-340-g6efceafd81 (webtiles) character file.

Game seed: 6177638350290072531

12817 siradein the Fighter (level 11, -2/60 HPs)
             Began as a Vine Stalker Berserker on Apr 19, 2022.
             Was a High Priest of Trog.
             Slain by a seven-headed hydra (7 damage)
             ... on level 11 of the Dungeon.
             The game lasted 00:39:43 (11195 turns).

siradein the Fighter (Vine Stalker Berserker)      Turns: 11195, Time: 00:39:44

Health: -2/60      AC: 10    Str: 25    XL:     11   Next: 99%
Magic:  0/12       EV: 23    Int:  7    God:    Trog [*****.]
Gold:   555        SH:  0    Dex: 16    Spells: 10/10 levels left

rFire   . . .      SeeInvis .   L - +8 quick blade
rCold   + . .      Faith    +   (no shield)
rNeg    + . .      Spirit   +   D - +0 troll leather armour
rPois   .          Reflect  .   y - +1 helmet
rElec   .          Harm     .   G - +0 cloak
rCorr   .          Rampage  .   (no gloves)
Will    +....                   c - +0 pair of boots
Stlth   +.........              b - amulet of faith
HPRegen 1.80/turn               p - ring "Cejum" {Drain rC+ rN+ EV+4 Str+3}
MPRegen 0.13/turn               H - +4 ring of evasion

@: no status effects
A: fangs 3, regeneration 1, magic shield, antimagic bite, no potion heal 2
a: Renounce Religion, Berserk, Trog's Hand, Brothers in Arms


You were on level 11 of the Dungeon.
You worshipped Trog.
Trog was extremely pleased with you.
You visited 1 branch of the dungeon, and saw 11 of its levels.

You collected 645 gold pieces.
You spent 90 gold pieces at shops.

Inventory:

Hand Weapons
 j - a +0 vampiric dagger
 L - a +8 quick blade (weapon)
Armour
 c - a +0 pair of boots (worn)
 y - a +1 helmet (worn)
 D - a +0 troll leather armour (worn)
 G - a +0 cloak (worn)
 I - a +0 plate armour
Jewellery
 b - an amulet of faith (around neck)
 p - the ring "Cejum" (left hand) {Drain rC+ rN+ EV+4 Str+3}
   (You found it on level 2 of the Dungeon)

   [ring of evasion]

   EV:        It affects your evasion (+4).
   Str:       It affects your strength (+3).
   rC:        It protects you from cold.
   rN:        It protects you from negative energy.
   Drain:     It drains your maximum health when unequipped.
 s - a ring of poison resistance
 C - a ring of magical power
 H - a +4 ring of evasion (right hand)
Wands
 r - a wand of iceblast (4)
 t - a wand of flame (66)
 F - a wand of polymorph (4)
 K - a wand of digging (5)
Scrolls
 a - 2 scrolls of summoning
 e - a scroll of immolation
 h - 6 scrolls of teleportation
 i - a scroll of holy word
 l - 3 scrolls of fear
 n - a scroll of magic mapping
 E - a scroll of torment {unknown}
Potions
 d - 2 potions of berserk rage {unknown}
 f - 2 potions of mutation {unknown}
 g - a potion of resistance {unknown}
 k - 6 potions of curing
 m - 2 potions of magic
 o - 2 potions of cancellation
 u - 3 potions of haste
 v - 2 potions of might
 w - 2 potions of brilliance {unknown}
 x - 3 potions of invisibility {unknown}
 z - 2 potions of attraction {unknown}
 A - a potion of ambrosia {unknown}
Miscellaneous
 J - a lightning rod (4/4)


   Skills:
 + Level 8.6 Fighting
 - Level 8.4 Short Blades
 + Level 7.7 Armour
 + Level 7.6 Dodging
 + Level 6.3 Evocations


You had 10 spell levels left.
You didn't know any spells.
Your spell library was empty.

Dungeon Overview and Level Annotations

Branches:
Dungeon (11/15)            Temple (0/1) D:4            Lair (0/6) D:9
    Orc (0/2) D:11

Altars:
Dithmenos
Fedhas
Gozag
Kikubaaqudgha
Okawaru
Zin

Shops:
D:8 [   D:10 ?

Annotations:
D:2 1 runed translucent door, Crazy Yiuf
D:8 exclusion: obsidian statue
D:9 2 transporters, sammy202020's ghost, novice MiBe


Innate Abilities, Weirdness & Mutations

You have razor-sharp teeth.
Your natural rate of healing is unusually fast.
When hurt, damage is shared between your health and your magic reserves.
Your bite disrupts and absorbs the magic of your enemies.
Potions cannot restore your health.


Message History

The seven-headed hydra completely misses you.
The seven-headed hydra closely misses you.
The seven-headed hydra completely misses you.
There is a stone staircase leading down here.
The seven-headed hydra attacks as you move away!
The seven-headed hydra bites you but does no damage.
The seven-headed hydra closely misses you.
The seven-headed hydra completely misses you. x3
The seven-headed hydra bites you but does no damage.
The seven-headed hydra completely misses you.
You recover from your berserk rage.
You hit the seven-headed hydra.
The seven-headed hydra is heavily wounded.
You hit the seven-headed hydra.
The seven-headed hydra is heavily wounded.
You hit the seven-headed hydra.
The seven-headed hydra is heavily wounded.
The seven-headed hydra completely misses you.
The seven-headed hydra bites you.
The seven-headed hydra bites you but does no damage. x3
The seven-headed hydra bites you!
The seven-headed hydra closely misses you.
The seven-headed hydra attacks as you move away!
The seven-headed hydra bites you but does no damage.
The seven-headed hydra barely misses you.
The seven-headed hydra bites you. The seven-headed hydra bites you!
* * * LOW HITPOINT WARNING * * *
The seven-headed hydra bites you!
* * * LOW HITPOINT WARNING * * *
The seven-headed hydra completely misses you.
The seven-headed hydra misses you.
Unknown command.
The seven-headed hydra attacks as you move away!
The seven-headed hydra completely misses you.
The seven-headed hydra barely misses you.
The seven-headed hydra bites you.
* * * LOW HITPOINT WARNING * * *
The seven-headed hydra completely misses you.
The seven-headed hydra bites you!
You die...

.................#### ..
.....#...........### ...
#.......).........# ...#
#...............>.#
....##............##...#
..................######
....................#
....[....>..........##
......[........D@....#
#................#...##
....####.........#....#
... ##.............# ..
##............#
#.....##.....# #....<#
.....# ##....# .....#
#...## #####


You could see a seven-headed hydra.

Vanquished Creatures
  2 two-headed ogres (D:10)
  Urug (D:11)
  A deep elf pyromancer (D:7)
  2 cyclopes (D:11)
  An ugly thing (D:8)
  Maurice (D:10)
  A kobold demonologist (D:9)
  A komodo dragon (D:9)
  4 trolls
  Sigmund (D:2)
  11 yaks
  2 shadows
  A vampire (D:5)
  A wyvern (D:8)
  8 vampire mosquitoes
  2 steam dragons
  Eustachio (D:6)
  3 acid dragons
  Menkaure (D:4)
  3 water moccasins
  A sky beast (D:8)
  An ice beast (D:6)
  4 orc warriors (D:11)
  A black bear (D:9)
  An ogre (D:5)
  3 centaurs
  A phantom (D:6)
  6 bullfrogs
  3 kobold brigands
  3 necrophages
  3 wights (D:9)
  A scorpion (D:5)
  A killer bee (D:9)
  5 howler monkeys
  5 orc priests
  A gnoll shaman (D:8)
  3 hounds
  4 iguanas
  Terence (D:3)
  Ijyb (D:3)
  Natasha (thrice) (D:3)
  12 orc wizards
  4 gnolls (D:8)
  6 adders
  A shadow imp (D:6)
  3 white imps
  An ufetubus (D:7)
  2 dart slugs
  38 orcs
  8 bats
  15 endoplasms
  2 giant cockroaches
  9 goblins
  8 hobgoblins
  3 jackals (D:1)
  18 kobolds
  A quokka (D:2)
  5 ball pythons
  10 rats
246 creatures vanquished.

Vanquished Creatures (others)
  An orc wizard (D:11)
  A gnoll (D:8)
  24 fungi (D:9)
  25 plants
  5 toadstools (D:1)
56 creatures vanquished.

Grand Total: 302 creatures vanquished

Notes
Turn   | Place    | Note
-------+----------+-------------------------------------------
     0 | D:1      | siradein the Vine Stalker Berserker began the quest for the
                  | Orb.
     0 | D:1      | Reached XP level 1. HP: 11/11 MP: 2/2
   168 | D:1      | Reached XP level 2. HP: 10/16 MP: 3/3
  1127 | D:1      | Reached XP level 3. HP: 17/20 MP: 4/4
  1268 | D:1      | Reached ** piety under Trog
  1604 | D:2      | Noticed Sigmund
  2076 | D:2      | Killed Sigmund
  2077 | D:2      | Gained mutation: Your natural rate of healing is unusually
                  | fast. [Vine Stalker growth]
  2077 | D:2      | Reached XP level 4. HP: 25/25 MP: 5/5
  2077 | D:2      | Reached XP level 5. HP: 29/29 MP: 6/6
  2363 | D:2      | Identified the ring "Cejum" {Drain rC+ rN+ EV+4 Str+3}
  2504 | D:2      | Found a runed translucent door.
  2505 | D:2      | Noticed Crazy Yiuf
  2744 | D:3      | Found an opulent altar of Gozag.
  2857 | D:3      | Reached XP level 6. HP: 31/33 MP: 7/7
  2949 | D:3      | Found a faded altar of an unknown god.
  2974 | D:3      | Noticed Ijyb
  2983 | D:3      | Killed Ijyb
  3141 | D:3      | Noticed Natasha
  3157 | D:3      | Noticed Terence
  3161 | D:3      | Killed Natasha
  3169 | D:3      | Killed Terence
  3281 | D:3      | Noticed Natasha
  3294 | D:3      | Killed Natasha
  3529 | D:3      | Found an opulent altar of Gozag.
  3668 | D:3      | Noticed Natasha
  3679 | D:3      | Killed Natasha
  3714 | D:3      | Found a faded altar of an unknown god.
  3992 | D:4      | Reached *** piety under Trog
  3993 | D:4      | Reached XP level 7. HP: 36/37 MP: 8/8
  3993 | D:4      | Noticed Menkaure
  4034 | D:4      | Killed Menkaure
  4098 | D:4      | Found a shadowy altar of Dithmenos.
  4243 | D:4      | Found a staircase to the Ecumenical Temple.
  4269 | D:4      | Found an iron altar of Okawaru.
  4562 | D:5      | Entered Level 5 of the Dungeon
  4618 | D:5      | Gained mutation: You have razor-sharp teeth. [Vine Stalker
                  | growth]
  4618 | D:5      | Reached XP level 8. HP: 42/42 MP: 9/9
  4650 | D:5      | Reached **** piety under Trog
  4694 | D:5      | Reached skill level 5 in Fighting
  4742 | D:5      | Reached skill level 5 in Short Blades
  5031 | D:5      | Noticed a vampire
  5148 | D:5      | Killed a vampire
  5796 | D:6      | Noticed Eustachio
  5796 | D:6      | Noticed a troll
  5818 | D:6      | Reached XP level 9. HP: 48/48 MP: 10/10
  5845 | D:6      | Killed Eustachio
  5846 | D:6      | Reached skill level 1 in Evocations
  5873 | D:6      | Reached skill level 5 in Armour
  5912 | D:6      | Killed a troll
  5913 | D:6      | Reached skill level 5 in Dodging
  6133 | D:7      | Found an ancient bone altar of Kikubaaqudgha.
  6143 | D:7      | Found a blossoming altar of Fedhas.
  6327 | D:7      | Noticed a deep elf pyromancer
  6335 | D:7      | Killed a deep elf pyromancer
  6660 | D:7      | Found a glowing silver altar of Zin.
  7298 | D:8      | Reached XP level 10. HP: 53/53 MP: 11/11
  7458 | D:8      | Noticed an obsidian statue
  7490 | D:8      | Reached ***** piety under Trog
  7786 | D:8      | Noticed a brown ugly thing
  7833 | D:8      | Killed a brown ugly thing
  7951 | D:8      | Found Wiusudut's Antique Armour Emporium.
  7981 | D:9      | Found a transporter.
  8112 | D:9      | Found a transporter.
  8120 | D:9      | Noticed sammy202020's ghost (novice MiBe)
  8172 | D:9      | Noticed a kobold demonologist
  8217 | D:9      | Killed a kobold demonologist
  8296 | D:9      | Found a staircase to the Lair.
  8808 | D:9      | Reached XP level 11. HP: 54/58 MP: 12/12
  8911 | D:10     | Entered Level 10 of the Dungeon
  8914 | D:10     | Noticed a two-headed ogre
  9084 | D:10     | Found Rezuewk's Magic Scroll Emporium.
  9090 | D:10     | Bought a scroll of identify for 30 gold pieces
  9090 | D:10     | Bought a scroll of identify for 30 gold pieces
  9090 | D:10     | Bought a scroll of identify for 30 gold pieces
  9216 | D:10     | Reached skill level 5 in Evocations
  9263 | D:10     | Killed a two-headed ogre
  9469 | D:10     | Noticed Maurice
  9492 | D:10     | Killed Maurice
 10081 | D:10     | Noticed a two-headed ogre
 10094 | D:10     | Killed a two-headed ogre
 10198 | D:11     | Noticed Urug
 10241 | D:11     | Noticed a cyclops
 10411 | D:11     | Noticed a cyclops
 10428 | D:11     | Killed a cyclops
 10683 | D:11     | Killed a cyclops
 10683 | D:11     | Received a gift from Trog
 11051 | D:11     | Found a staircase to the Orcish Mines.
 11153 | D:11     | Killed Urug
 11175 | D:11     | Noticed a seven-headed hydra
 11195 | D:11     | Slain by a seven-headed hydra

Illustrated notes

Levels and vault maps discovered:
D:1:      nzn_arrival_crosshair, layout_basic, minmay_gold_behind_fungi,
          amcnicky_mini_corridor_feature
D:2:      layout_loops_ring, serial_forest, infiniplex_forest_clump_diagonal,
          infiniplex_forest_clump_long, infiniplex_forest_lined_1,
          infiniplex_forest_zigzag_1, infiniplex_forest_lined_4_way,
          infiniplex_forest_clump_curved, chequers_avenue, uniq_sigmund,
          uniq_crazy_yiuf_cottage
D:3:      layout_rooms, grunt_gozag_statues,
          shapermc_ecumenical_altar_rom_forum, chequers_garden, uniq_natasha,
          uniq_ijyb, uniq_terence
D:4:      layout_basic, kennysheep_mini_moat, lemuel_tele_altar,
          minmay_temple_entry_mist, minmay_misc_feat_pillars, uniq_menkaure
D:5:      layout_cave_pools, hangedman_decor_diamond_cutter,
          minmay_misc_feat_tiny
D:6:      layout_basic, uniq_eustachio
D:7:      layout_loops_ring, fedhas_altar_3, zin_statuary,
          mainiacjoe_overflow_concentric_impassable
D:8:      minmay_statue_hallways, layout_cave_pods, serial_shops, shop
D:9:      layout_roguey, due_lair_maze_entry_diamond, gammafunk_ghost_stat_death
D:10:     layout_grid_maze, serial_shops, shop_statue, uniq_maurice
D:11:     layout_cross, david_orc_4, serial_park_tiny_pond, uniq_urug

Skill      XL: |  1  2  3  4  5  6  7  8  9 10 11 |
---------------+----------------------------------+-----
Fighting       | 3 4 5 6 7 8 |  8.6
Dodging        | 2 3 4 5 6 7 |  7.6
Short Blades   | 3 4 5 6 7 8 |  8.4
Armour         | 2 3 4 5 6 7 |  7.7
Evocations     | 3 4 6 |  6.3

Action                   |  1- 3 |  4- 6 |  7- 9 | 10-12 || total
-------------------------+-------+-------+-------+-------++-------
Melee: Short sword       |    77 |       |       |       ||    77
       Bite              |    33 |    57 |   159 |   278 ||   527
       Punch             |     1 |     3 |     3 |    22 ||    29
       Dagger            |    30 |   194 |   440 |   645 ||  1309
       Quick blade       |       |       |       |    74 ||    74
Invok: Berserk           |     1 |     1 |     5 |     3 ||    10
       Trog's Hand       |     1 |       |       |       ||     1
  Use: Scroll            |       |     5 |     3 |     6 ||    14
 Stab: Sleeping          |       |     1 |       |       ||     1
Armor: Animal skin       |     3 |       |       |       ||     3
       Leather armour    |    23 |     1 |       |       ||    24
       Ring mail         |       |    21 |       |       ||    21
       Scale mail        |       |    12 |    55 |       ||    67
       Troll leather arm |       |       |    23 |    69 ||    92
       Plate armour      |       |       |       |     4 ||     4
Dodge: Dodged            |    58 |   161 |   199 |   401 ||   819

Table legend: (Time is in decaauts)
 A = Elapsed time spent in this place.
 B = Non-inter-level travel time spent in this place.
 C = Inter-level travel time spent in this place.
 D = Time resting spent in this place.
 E = Time spent auto-exploring this place.
 F = Levels seen in this place.
 G = Mean time per level.
                   A        B        C        D        E       F      G
               +--------+--------+--------+--------+--------+-----+--------+
         Total |  10594 |  10386 |    208 |    573 |   7295 |  11 |  963.1 |
       Dungeon |  10594 |  10386 |    208 |    573 |   7295 |  11 |  963.1 |
               +--------+--------+--------+--------+--------+-----+--------+

Top non-repeatable levels by time:
     D:1: 1663 daAuts
     D:3: 1296 daAuts
    D:10: 1245 daAuts
     D:2: 1039 daAuts
     D:9: 954 daAuts
     D:8: 934 daAuts
     D:7: 824 daAuts
     D:6: 757 daAuts
     D:5: 657 daAuts
    D:11: 654 daAuts
     D:4: 567 daAuts
